 Dungeon Crawl Stone Soup version 0.21-a0-185-g3a6ed1e (webtiles) character file.

28 tehllama the Insei (level 3, -1/23 HPs)
             Began as an Octopode Transmuter on Aug 13, 2017.
             Slain by a jackal (3 damage)
             ... on level 2 of the Dungeon.
             The game lasted 00:01:21 (1021 turns).

tehllama the Insei (Octopode Transmuter)            Turns: 1021, Time: 00:01:21

Health: -1/23      AC:  1    Str: 10    XL:     3   Next: 14%
Magic:  6/6        EV: 14    Int: 15    God:
Gold:   39         SH:  0    Dex: 12    Spells: 5/6 levels left

rFire    . . .     SeeInvis .   e - +0 dagger
rCold    . . .     Gourm    .   (no shield)
rNeg     . . .     Faith    .   (helmet restricted)
rPois    .         Spirit   .   (no amulet)
rElec    .         Reflect  .   (no ring)
rCorr    .         Harm     .   (no ring)
MR       .....                  (no ring)
Stlth    ++........             (no ring)
HPRegen  0.07/turn              (no ring)
MPRegen  0.10/turn              (no ring)
                                (no ring)
                                (no ring)

@: no status effects
A: almost no armour, stealthy swim, amphibious, 8 rings, constrict 8, camouflage
1, gelatinous body 1
a: no special abilities


You were on level 2 of the Dungeon.
You were not hungry.

You visited 1 branch of the dungeon, and saw 2 of its levels.

You collected 39 gold pieces.

Inventory:

Hand Weapons
 e - a +0 dagger (weapon)
Missiles
 a - 12 arrows
Scrolls
 d - a scroll of fear {unknown}
Potions
 f - a potion of heal wounds {unknown}
 h - a potion of might {unknown}
Books
 b - a book of Changes

   Spells                             Type                      Level
   a - Beastly Appendage              Transmutation                1
   b - Sticks to Snakes               Transmutation                2
   c - Spider Form                    Transmutation/Poison         3
   d - Ice Form                       Ice/Transmutation            4
   e - Blade Hands                    Transmutation                5
Comestibles
 c - 2 bread rations
 g - a royal jelly
 i - a chunk of flesh


   Skills:
 - Level 1.0 Fighting
 + Level 2.8 Dodging
 + Level 3.6 Unarmed Combat
 - Level 2.0 Spellcasting
 - Level 2.0 Transmutations


You had 5 spell levels left.
You knew the following spells:

 Your Spells              Type           Power        Failure   Level  Hunger
a - Beastly Appendage     Tmut           #.....       10%         1    #......


Dungeon Overview and Level Annotations

Branches:
Dungeon (2/15)

Altars:


Innate Abilities, Weirdness & Mutations

You cannot wear most types of armour.
You are very stealthy in the water. (Stealth+)
You are amphibious.
You can wear up to eight rings at the same time.
You can use your tentacles to constrict eight enemies at once.
Your skin changes colour to match your surroundings (Stealth+).
Your rubbery body absorbs attacks. (AC +1, EV +1)


Message History

You kill the jackal!
You closely miss the jackal. You grab the jackal.
You pierce the jackal.
The jackal is heavily wounded.
Your tentacle spike disappears.
You constrict the jackal. The jackal bites you.
* * * LOW HITPOINT WARNING * * *
The jackal bites you but does no damage.
You hit the jackal but do no damage. You squeeze the jackal.
You kill the jackal!
You hit the jackal but do no damage. Your grab misses the jackal.
Your squeeze misses the jackal. The jackal misses you.
The jackal barely misses you.
You hit the jackal but do no damage. Your grab misses the jackal.
The jackal closely misses you.
You hit the jackal. Your grab misses the jackal.
The jackal is moderately wounded.
The jackal bites you.
* * * LOW HITPOINT WARNING * * *
The jackal bites you.
You die...

#.###..####
#...# #...#
#...#
.#########.##
...........# ###
######.#..#
.....#####.#...#
#..rh@...#..#
....######.....#
# #.....#
......# #......#
......# .....g.#
.....#


You could see a jackal and a rat.

Vanquished Creatures
  2 leopard geckos
  A giant cockroach (D:2)
  3 hobgoblins (D:1)
  3 jackals (D:2)
  4 kobolds
  2 frilled lizards (D:1)
  4 goblins
  6 rats
25 creatures vanquished.

Notes
Turn   | Place    | Note
-------+----------+-------------------------------------------
     0 | D:1      | tehllama the Octopode Transmuter began the quest for the Orb.
     0 | D:1      | Reached XP level 1. HP: 13/13 MP: 3/3
   272 | D:1      | Reached XP level 2. HP: 18/18 MP: 3/5
  1007 | D:2      | Reached XP level 3. HP: 20/23 MP: 4/6
  1021 | D:2      | Slain by a jackal

Vault maps used:
D:1:      minmay_arrival_five_plusses, minivault_26
D:2:      serial_undead, serial_undead_e, serial_undead_b, serial_undead_e,
          serial_undead_d

Action                   || total
-------------------------++-------
Melee: Dagger            ||    57
       Tentacles         ||    11
       Constrict         ||    13
       Punch             ||     2
       Kick              ||     3
 Cast: Beastly Appendage ||    11
 Stab: Sleeping          ||     3
  Eat: Chunk             ||     1
Armor: Skin              ||     5
Dodge: Dodged            ||    42
